 Dungeon Crawl Stone Soup version 0.19.1-1-g22dce08 (webtiles) character file.

30513 theAP the Bludgeoner (level 13, -4/90 HPs)
             Began as a Gargoyle Fighter on Jan 2, 2017.
             Was a Priest of Ashenzari.
             Killed by divine providence
             ... invoked by an orc priest
             ... led by an orc knight
              (12 damage)
             ... on level 14 of the Dungeon.
             The game lasted 00:48:05 (14328 turns).

theAP the Bludgeoner (Gargoyle Fighter)            Turns: 14328, Time: 00:48:06

Health: -4/90      AC: 30    Str: 28    XL:     13   Next: 52%
Magic:  13/13      EV:  6    Int: 12    God:    Ashenzari [***...]
Gold:   1321       SH: 12    Dex: 13    Spells: 0 memorised, 12 levels left

rFire  + . .     SeeInvis +     v - +2 morningstar (crush) (curse)
rCold  . . .     Gourm    .     t - +5 plate armour (curse)
rNeg   + . .     Faith    .     c - +0 shield (curse)
rPois  ∞         Spirit   .     k - +0 helmet (curse)
rElec  +         Reflect  .     P - +0 cloak
rCorr  .         Harm     .     n - +0 pair of gloves (curse)
MR     .....                    (no boots)
Stlth  ..........               (no amulet)
                                g - +4 ring of strength (curse)
                                H - ring of flight

@: no status effects
A: agile 2, blurry vision 2, clever 1, fire resistance 1, negative energy
resistance 1, electricity resistance, unbreathing, petrification resistance, rot
immunity, AC +9
a: Curse Item, Scrying, Renounce Religion, Evoke Flight


You were on level 14 of the Dungeon.
You worshipped Ashenzari.
Ashenzari was most pleased with you.
You were not hungry.

You visited 2 branches of the dungeon, and saw 15 of its levels.
You also visited: Bailey.

You collected 1321 gold pieces.

Inventory:

Hand Weapons
 a - a +0 flail
 v - a cursed +2 morningstar of crushing (weapon)
 D - a +2 flail of holy wrath
Armour
 c - a cursed +0 shield (worn)
 k - a cursed +0 helmet (worn)
 n - a cursed +0 pair of gloves (worn)
 t - a cursed +5 plate armour (worn)
 P - a +0 cloak (worn)
Magical Staves
 F - an uncursed staff of conjuration
Jewellery
 g - a cursed +4 ring of strength (right hand)
 x - an uncursed amulet of inaccuracy
 H - a ring of flight (left hand)
Wands
 d - a wand of flame (24/48)
 e - a wand of lightning (0/15)
 o - a wand of flame (22/48)
 u - a wand of confusion (19/48)
 w - a wand of flame (33/48)
 E - a wand of acid (8/15)
 G - a wand of confusion (24/48)
 M - a wand of iceblast (8/15)
 R - a wand of iceblast (9/15)
 S - a wand of digging (9/24)
 T - a wand of flame (16/48)
Scrolls
 h - 4 scrolls of teleportation
 j - a scroll of blinking
 l - 4 scrolls of magic mapping
 p - 5 scrolls of immolation
 y - a scroll of fog
 A - 2 scrolls of random uselessness
 B - a scroll of noise
 C - 5 scrolls of amnesia
 I - 2 scrolls of fear
 J - 2 scrolls of recharging
 K - 2 scrolls of identify
 N - a scroll of holy word
 U - a scroll of enchant weapon
Potions
 r - a potion of invisibility
 z - 2 potions of lignification
Books
 b - a book of Changes

   Spells                             Type                      Level
   a - Beastly Appendage              Transmutation                1
   b - Sticks to Snakes               Transmutation                2
   c - Spider Form                    Transmutation/Poison         3
   d - Ice Form                       Ice/Transmutation            4
   e - Blade Hands                    Transmutation                5
Comestibles
 f - 12 bread rations
 i - 4 meat rations
 q - 4 beef jerkies
 s - 13 royal jellies
 L - a slice of pizza


   Skills:
 + Level 14.1 Fighting
 + Level 16.6(19.0) Maces & Flails
 - Level 3.4(6.0) Armour
 + Level 7.3(9.3) Shields


You had 12 spell levels left.
You didn't know any spells.

Dungeon Overview and Level Annotations

Branches:
Dungeon (14/15)            Temple (1/1) D:7            Lair (0/6) D:8
    Orc (0/2) D:10
 Vaults: D:13-14

Altars:
Ashenzari
Cheibriados
Dithmenos
Elyvilon
Fedhas
Gozag
Hepliaklqana
Kikubaaqudgha
Makhleb
Nemelex Xobeh
Okawaru
Qazlal
Ru
Sif Muna
Trog
Uskayaw
Vehumet
Xom
Yredelemnul
Zin
The Shining One

Shops:
D:14 %

Portals:
Trove: D:12 (give wand of heal wounds (9))


Innate Abilities, Weirdness & Mutations

You are resistant to torment.
Your stone body is resilient. (AC +9)
You are immune to poison.
You resist negative energy. (rN+)
You are resistant to electric shocks. (rElec)
You can survive without breathing.
You are immune to petrification.
You are immune to rotting.
You are very agile. (Dex +4)
Scrolls take you longer to read.
Your mind is acute. (Int +2)
Your flesh is heat resistant. (rF+)


Message History

Beogh smites you!
The orc priest invokes the aid of Beogh against you.
Beogh smites you!
* * * LOW HITPOINT WARNING * * *
The orc priest looks encouraged for a moment.
The orc priest mumbles some strange prayers to Beogh against you.
Beogh smites you!
* * * LOW HITPOINT WARNING * * *
You are too injured to fight recklessly!
You are too injured to fight recklessly!
You are too injured to fight recklessly!
You are too injured to fight recklessly!
You hit the wraith.
The wraith is lightly damaged.
You block the wraith's attack.
You impale the wraith!!
The wraith is almost destroyed.
The orc priest mumbles some strange prayers to Beogh against you.
Beogh smites you!
You die...

#..##.## #######..∩.
..###..################...##.<...
### ##.................).........
* ################.......#.... *
#.......##### . * ##.......# #.
..* ###...<...## #. #.>###*
######...#.....## *#∆
#....#######..W@..##.......##* ,
#####......o..#####............,
...........o........#.......### *
#######...##...............## *
####....########..#..##.....#
.......## ##.......###... ,
..?..### *##....... *### .#####
,.....###. * * #..#.## *##


You could see a wraith and 2 orc priests.

Vanquished Creatures
  Harold (D:10)
  2 hydras
  4 centaur warriors
  2 vault guards (D:14)
  An unseen horror (D:13)
  3 hill giants
  An orc knight (Bailey)
  The ghost of Haldmier the Ruffian, a novice VSTm of Makhleb (D:8)
  3 cyclopes
  6 ugly things
  A centaur zombie (D:13)
  A gargoyle (D:11)
  3 centaur skeletons
  The ghost of Adolfin the Insei, a novice OpTm (D:4)
  A freezing wraith (D:14)
  3 trolls
  A queen bee (D:12)
  A two-headed ogre (D:13)
  3 meliai (D:12)
  6 slime creatures
  5 hippogriffs
  20 yaks
  Sigmund (D:6)
  A shadow (D:14)
  A wyvern (D:13)
  2 hungry ghosts (D:11)
  A human (D:10)
  A warg (D:10)
  Edmund (D:6)
  A soldier ant (D:11)
  A mottled dragon (D:11)
  2 ice beasts
  7 orc warriors
  5 sky beasts
  3 ogres
  5 black bears
  18 centaurs
  2 crocodiles
  2 big kobolds
  9 bullfrogs
  A gnoll sergeant (D:12)
  A wyvern skeleton (D:13)
  3 scorpions
  A water moccasin skeleton (D:8)
  43 killer bees
  13 wights
  A howler monkey (D:5)
  2 bullfrog zombies
  9 crimson imps
  12 hounds
  A quasit (D:6)
  3 jellies
  3 orc priests
  Jessica (D:3)
  2 iguanas
  3 orc wizards
  8 worker ants
  A killer bee zombie (D:8)
  A worker ant zombie (D:6)
  9 adders
  9 gnolls
  A shadow imp (D:4)
  3 oozes
  3 adder skeletons
  3 worms
  A dart slug (D:4)
  2 leopard geckos (D:2)
  26 orcs
  3 ball pythons
  15 bats
  2 giant cockroaches (D:8)
  15 goblins
  10 hobgoblins
  13 jackals
  2 quokkas (D:3)
  2 frilled lizards
  A jackal zombie (D:8)
  30 kobolds
  A leopard gecko skeleton (D:4)
  A leopard gecko zombie (D:7)
  11 rats
405 creatures vanquished.

Notes
Turn   | Place    | Note
-------+----------+-------------------------------------------
     0 | D:1      | theAP the Gargoyle Fighter began the quest for the Orb.
     0 | D:1      | Reached XP level 1. HP: 14/14 MP: 1/1
    98 | D:1      | Reached XP level 2. HP: 18/19 MP: 2/2
   282 | D:1      | Reached XP level 3. HP: 23/23 MP: 3/3
   467 | D:1      | You fall through a shaft!
   536 | D:2      | Reached skill level 3 in Maces & Flails
   921 | D:2      | Reached XP level 4. HP: 29/29 MP: 4/4
  1623 | D:3      | Noticed Jessica
  1629 | D:3      | Killed Jessica
  1715 | D:3      | Reached skill level 4 in Maces & Flails
  1715 | D:3      | Reached XP level 5. HP: 32/34 MP: 5/5
  2137 | D:3      | Found a shimmering altar of Xom.
  2140 | D:3      | Found a hazy altar of Hepliaklqana.
  2140 | D:3      | Found an ancient bone altar of Kikubaaqudgha.
  2143 | D:3      | Found an iron altar of Okawaru.
  2143 | D:3      | Found a shimmering altar of Xom.
  2143 | D:3      | Found a sparkling altar of Nemelex Xobeh.
  2420 | D:4      | Noticed Adolfin's ghost (novice OpTm)
  2470 | D:4      | Killed Adolfin's ghost
  2470 | D:4      | Reached skill level 5 in Fighting
  2470 | D:4      | Reached skill level 5 in Maces & Flails
  2470 | D:4      | Reached XP level 6. HP: 15/40 MP: 6/6
  2495 | D:4      | Reached XP level 7. HP: 18/44 MP: 7/7
  2513 | D:4      | Reached skill level 6 in Maces & Flails
  2736 | D:4      | Found a blossoming altar of Fedhas.
  2803 | D:4      | Found a shadowy altar of Dithmenos.
  2877 | D:4      | Reached skill level 7 in Maces & Flails
  2881 | D:4      | Reached XP level 8. HP: 19/52 MP: 8/8
  3171 | D:5      | Entered Level 5 of the Dungeon
  3947 | D:5      | Reached skill level 8 in Maces & Flails
  4236 | D:6      | Found a stormy altar of Qazlal.
  4245 | D:6      | Noticed Edmund
  4253 | D:6      | Killed Edmund
  4326 | D:6      | Reached skill level 9 in Maces & Flails
  4458 | D:6      | Reached XP level 9. HP: 58/58 MP: 9/9
  4467 | D:6      | Found a white marble altar of Elyvilon.
  4471 | D:6      | Noticed Sigmund
  4489 | D:6      | Killed Sigmund
  4763 | D:6      | Noticed a troll
  4773 | D:6      | Killed a troll
  4984 | D:6      | Reached skill level 10 in Maces & Flails
  5837 | D:7      | Found a staircase to the Ecumenical Temple.
  5849 | Temple   | Entered the Ecumenical Temple
  5926 | Temple   | Became a worshipper of Ashenzari the Shackled
  6344 | D:8      | Noticed Haldmier's ghost (novice VSTm)
  6364 | D:8      | Killed Haldmier's ghost
  6364 | D:8      | Reached skill level 11 in Maces & Flails
  6400 | D:8      | Reached XP level 10. HP: 60/66 MP: 10/10
  6662 | D:8      | Found a staircase to the Lair.
  6772 | D:8      | Found a burning altar of Makhleb.
  6816 | D:8      | Reached * piety under Ashenzari
  7318 | D:9      | Reached skill level 12 in Maces & Flails
  7447 | D:9      | Reached skill level 10 in Fighting
  7510 | D:10     | Entered Level 10 of the Dungeon
  8086 | D:10     | Found a staircase to the Orcish Mines.
  8151 | D:10     | Noticed a hill giant
  8159 | D:10     | Found a sacrificial altar of Ru.
  8163 | D:10     | Killed a hill giant
  8163 | D:10     | Reached skill level 13 in Maces & Flails
  8163 | D:10     | Reached XP level 11. HP: 39/73 MP: 11/11
  8166 | D:10     | Noticed Harold
  8199 | D:10     | Killed Harold
  8581 | D:11     | Noticed a five-headed hydra
  8590 | D:11     | Killed a five-headed hydra
  8601 | D:11     | Found a flagged portal.
  8622 | Bailey   | Entered a bailey
  8769 | Bailey   | Noticed an orc knight
  8807 | Bailey   | Identified the +2 chain mail of Trog's Pride {Dex+4} (You took it off a hobgoblin in a bailey)
  8823 | Bailey   | Reached skill level 14 in Maces & Flails
  8950 | Bailey   | Killed an orc knight
  9790 | D:11     | Noticed a purple ugly thing
  9797 | D:11     | Killed a purple ugly thing
  9801 | D:11     | Gained mutation: You have a beak for a mouth. [mutagenic meat]
  9802 | D:11     | Gained mutation: You tend to lose your temper in combat. [mutagenic meat]
  9803 | D:11     | Gained mutation: You often lose your temper in combat. [mutagenic meat]
  9804 | D:11     | Gained mutation: Your flesh is heat resistant. (rF+) [mutagenic meat]
  9811 | D:11     | Lost mutation: Your flesh is heat resistant. (rF+) [potion of cure mutation]
  9811 | D:11     | Lost mutation: You have a beak for a mouth. [potion of cure mutation]
  9811 | D:11     | Lost mutation: You often lose your temper in combat. [potion of cure mutation]
  9811 | D:11     | Lost mutation: You tend to lose your temper in combat. [potion of cure mutation]
 10754 | D:12     | Reached ** piety under Ashenzari
 10766 | D:12     | Found a glowing silver altar of Zin.
 10822 | D:12     | Gained mutation: Scrolls take you a little longer to read. [mutagenic meat]
 10823 | D:12     | Gained mutation: You are agile. (Dex +2) [mutagenic meat]
 10824 | D:12     | Gained mutation: Your mind is acute. (Int +2) [mutagenic meat]
 10825 | D:12     | Gained mutation: You are very agile. (Dex +4) [mutagenic meat]
 10834 | D:12     | Found a portal to a secret trove of treasure.
 11029 | D:12     | Identified the cursed +1 mace of Distraction {chaos, rPois rF++ MR- Stlth+}
 11037 | D:12     | Reached XP level 12. HP: 77/81 MP: 12/12
 11128 | D:12     | Reached skill level 15 in Maces & Flails
 12990 | D:13     | Noticed a centaur warrior
 13005 | D:13     | Killed a centaur warrior
 13059 | D:13     | Noticed a centaur warrior
 13063 | D:13     | Noticed a seven-headed hydra
 13073 | D:13     | Killed a centaur warrior
 13078 | D:13     | Killed a seven-headed hydra
 13078 | D:13     | Reached skill level 16 in Maces & Flails
 13098 | D:13     | Reached *** piety under Ashenzari
 13214 | D:13     | Noticed a centaur warrior
 13219 | D:13     | Killed a centaur warrior
 13265 | D:13     | Reached skill level 5 in Shields
 13276 | D:13     | Reached XP level 13. HP: 88/88 MP: 13/13
 13639 | D:14     | Found Waenut's Food Shoppe.
 13774 | D:14     | Gained mutation: Scrolls take you longer to read. [mutagenic meat]
 13775 | D:14     | Gained mutation: Your flesh is heat resistant. (rF+) [mutagenic meat]
 13828 | D:14     | Noticed a vault guard
 13830 | D:14     | Noticed a vault guard
 13830 | D:14     | Noticed a vault guard
 13831 | D:14     | Noticed a vault guard
 13833 | D:14     | Noticed a rakshasa
 13849 | D:14     | Killed a vault guard
 14250 | D:14     | Killed a vault guard
 14328 | D:14     | Killed from afar by an orc priest

Skill      XL: |  1  2  3  4  5  6  7  8  9 10 11 12 13 |
---------------+----------------------------------------+-----
Maces & Flails | 3 4 5 7 9 11 13 14 16 | 16.6
Fighting       | 4 5 6 7 9 10 12 13 14 | 14.1
Shields        | 5 7 |  7.3
Armour         | |  3.4

Action                   |  1- 3 |  4- 6 |  7- 9 | 10-12 | 13-15 || total
-------------------------+-------+-------+-------+-------+-------++-------
Melee: Flail             |   165 |   172 |    23 |       |       ||   360
       Morningstar       |       |       |   315 |   869 |   139 ||  1323
Invok: Curse Item        |       |       |     5 |     1 |       ||     6
 Abil: Evoke Flight      |       |       |       |     1 |       ||     1
Evoke: Wand              |       |       |     3 |     5 |       ||     8
  Use: Potion            |       |     1 |       |    22 |     1 ||    24
       Scroll            |       |       |    12 |    11 |     1 ||    24
  Eat: Chunk             |       |     6 |     6 |    16 |     3 ||    31
       Fruit             |       |       |     2 |     5 |       ||     7
       Bread ration      |       |       |     1 |       |       ||     1
       Pizza             |       |       |       |     7 |       ||     7
       Meat ration       |       |       |       |     2 |       ||     2
       Royal jelly       |       |       |       |     2 |     1 ||     3
Armor: Scale mail        |   100 |    28 |       |       |       ||   128
       Plate armour      |       |    67 |   301 |   819 |    58 ||  1245
       Skin              |       |       |       |     3 |       ||     3
Dodge: Dodged            |    70 |    34 |    53 |   178 |    23 ||   358
Block: Shield            |    85 |    75 |   186 |   533 |    53 ||   932
